 Dungeon Crawl Stone Soup version 0.28-a0-751-gef3a642a4e (webtiles) character file.

Game seed: 13532650157962741969

403 jbvkrfbj the Vexing (level 6, -2/28 HPs)
             Began as a Spriggan Enchanter on Oct 30, 2021.
             Slain by an ogre (30 damage)
             ... on level 5 of the Dungeon.
             The game lasted 00:07:27 (3476 turns).

jbvkrfbj the Vexing (Spriggan Enchanter)            Turns: 3476, Time: 00:07:29

Health: -2/28      AC:  2    Str:  4    XL:     6   Next: 55%
Magic:  1/16       EV: 17    Int: 23    God:
Gold:   177        SH:  0    Dex: 13    Spells: 9/17 levels left

rFire   . . .      SeeInvis +   e - +1 dagger (drain)
rCold   . . .      Faith    .   (shield restricted)
rNeg    . . .      Spirit   .   b - +0 robe
rPois   .          Reflect  .   (helmet restricted)
rElec   .          Harm     .   (no cloak)
rCorr   .          Rampage  .   (gloves unavailable)
Will    +....      Rage     1%  (boots unavailable)
Stlth   +++.......              j - amulet of regeneration
HPRegen 1.09/turn               i - ring of flight
MPRegen 0.15/turn               k - +6 ring of intelligence

@: flying, very quick
A: very small, no large weapons, unfitting armour, see invisible, speed 3,
berserk 1, clumsy 1, weak 1
a: no special abilities


You were on level 5 of the Dungeon.
You visited 1 branch of the dungeon, and saw 5 of its levels.

You collected 177 gold pieces.

Inventory:

Hand Weapons
 a - a +1 dagger
 e - a +1 dagger of draining (weapon)
 m - a +2 dagger of flaming
Missiles
 d - 19 poisoned darts (quivered)
Armour
 b - a +0 robe (worn)
Jewellery
 i - a ring of flight (left hand)
 j - an amulet of regeneration (around neck)
 k - a +6 ring of intelligence (right hand)
Wands
 c - a wand of polymorph (6)
Scrolls
 f - a scroll of magic mapping
 n - a scroll of fear
Potions
 g - a potion of brilliance
 h - 2 potions of haste
 l - a potion of curing


   Skills:
 - Level 1.1 Short Blades
 - Level 2.6 Dodging
 + Level 5.9 Stealth
 + Level 6.0 Spellcasting
 + Level 6.5 Hexes


You had 9 spell levels left.
You knew the following spells:

 Your Spells              Type           Power      Damage    Failure   Level
a - Ensorcelled Hibernat  Hex/Ice        42%        N/A       3%          2
b - Tukima's Dance        Hex            36%        N/A       1%          3
c - Dazzling Flash        Conj/Hex       42%        N/A       7%          3

Your spell library contained the following spells:

 Spells                   Type           Power      Damage    Failure   Level
 Confusing Touch          Hex            36%        N/A       1%          3
 Corpse Rot               Necr/Air       12%        N/A       13%         2
 Poisonous Vapours        Pois/Air       12%        N/A       13%         2


Dungeon Overview and Level Annotations

Branches:
Dungeon (5/15)
 Temple: D:4-7

Altars:
Hepliaklqana
Makhleb
Okawaru
Trog
Uskayaw
Zin

Shops:
D:5 [

Annotations:
D:3 2 transporters, loom's ghost, amateur KoEn
D:4 2 transporters


Innate Abilities, Weirdness & Mutations

You are very small and have problems with some larger weapons.
You are too small for most types of armour.
You have supernaturally acute eyesight. (SInv)
You cover ground extremely quickly. (Speed+++)
You tend to lose your temper in combat.
You are clumsy. (Dex -2)
You are weak. (Str -2)


Message History

Aim: an ogre, wielding a +0 giant spiked club (wandering, hasn't noticed you, chance to affect: 64%)
The ogre shouts!
The ogre struggles to resist.
A howler monkey zombie comes into view.
Casting: Tukima's Dance (safe; 1% risk of failure)
Confirm with . or Enter, or press ? or * to list all spells.
Aiming: Tukima's Dance (safe; 1% risk of failure)
Press: ? - help, Shift-Dir - straight line, f/p - ogre
Aim: an ogre, wielding a +0 giant spiked club (chance to affect: 64%)
The ogre struggles to resist.
Unknown command.
Casting: Tukima's Dance (safe; 1% risk of failure)
Confirm with . or Enter, or press ? or * to list all spells.
Aiming: Tukima's Dance (safe; 1% risk of failure)
Press: ? - help, Shift-Dir - straight line, f/p - ogre
Aim: an ogre, wielding a +0 giant spiked club (chance to affect: 64%)
The ogre struggles to resist.
Unknown command.
Casting: Tukima's Dance (safe; 1% risk of failure)
Confirm with . or Enter, or press ? or * to list all spells.
Aiming: Ensorcelled Hibernation (safe; 3% risk of failure)
Press: ? - help, Shift-Dir - straight line, f/p - ogre
Aim: an ogre, wielding a +0 giant spiked club (chance to affect: 50%)
The ogre resists with some effort.
The ogre misses you.
Casting: Ensorcelled Hibernation (safe; 3% risk of failure)
Confirm with . or Enter, or press ? or * to list all spells.
Aiming: Tukima's Dance (safe; 1% risk of failure)
Press: ? - help, Shift-Dir - straight line, f/p - ogre
Aim: an ogre, wielding a +0 giant spiked club (chance to affect: 64%)
The ogre struggles to resist.
Casting: Tukima's Dance (safe; 1% risk of failure)
Confirm with . or Enter, or press ? or * to list all spells.
Aiming: Ensorcelled Hibernation (safe; 3% risk of failure)
Press: ? - help, Shift-Dir - straight line, f/p - ogre
Aim: an ogre, wielding a +0 giant spiked club (chance to affect: 50%)
The ogre resists with some effort.
The howler monkey zombie barely misses you.
The ogre hits you with a +0 giant spiked club!!
Ouch! That really hurt!
You die...

## ..
#######.####
...........
♣...#.# ♣....#
♣...♣..O#
♣..∩..♣Z@#
.♣...♣.#.######
..♣.♣..#......#
...♣........<.#
##...###......#
#............#
#.. ###......#
#......#
#......#


You could see an ogre and a howler monkey zombie.

Vanquished Creatures
  Dowan (D:4)
  An iguana (D:4)
  A hound skeleton (D:4)
  Robin (D:3)
  4 adders
  An adder skeleton (D:4)
  4 worms
  2 dart slugs
  7 orcs (D:4)
  2 bats
  An endoplasm (D:3)
  2 giant cockroaches
  13 goblins
  7 hobgoblins
  3 jackals (D:4)
  3 quokkas
  2 ball pythons
  3 frilled lizards
  6 kobolds
  A rat (D:3)
65 creatures vanquished.

Vanquished Creatures (collateral kills)
  An ogre (D:4)
1 creature vanquished.

Vanquished Creatures (others)
  Duvessa (D:4)
  A goblin (D:3)
  A hobgoblin (D:3)
  6 plants (D:3)
9 creatures vanquished.

Grand Total: 75 creatures vanquished

Notes
Turn   | Place    | Note
-------+----------+-------------------------------------------
     0 | D:1      | jbvkrfbj the Spriggan Enchanter began the quest for the
                  | Orb.
     0 | D:1      | Reached XP level 1. HP: 9/9 MP: 5/5
    84 | D:1      | You fall into a shaft and drop 1 floor!
   234 | D:1      | Reached XP level 2. HP: 13/13 MP: 7/7
   237 | D:1      | Learned a level 2 spell: Ensorcelled Hibernation
   574 | D:1      | Found a faded altar of an unknown god.
  1078 | D:2      | Reached XP level 3. HP: 16/16 MP: 9/9
  1119 | D:2      | Learned a level 3 spell: Tukima's Dance
  1123 | D:2      | Learned a level 3 spell: Dazzling Flash
  1675 | D:3      | Noticed Robin
  1708 | D:3      | Killed Robin
  1713 | D:3      | Reached XP level 4. HP: 21/21 MP: 1/11
  1814 | D:3      | Found a hazy altar of Hepliaklqana.
  1817 | D:3      | Found a burning altar of Makhleb.
  1819 | D:3      | Found a glowing silver altar of Zin.
  1868 | D:3      | Found a transporter.
  1934 | D:3      | Reached skill level 5 in Hexes
  1998 | D:3      | Found a transporter.
  2011 | D:3      | Noticed loom's ghost (amateur KoEn)
  2029 | D:3      | Identified the +12 spear of Jacizomm {venom, rF+}
  2497 | D:3      | Found an iron altar of Okawaru.
  2499 | D:3      | Found a bloodstained altar of Trog.
  2701 | D:4      | Noticed an ogre
  2710 | D:4      | Killed an ogre
  2711 | D:4      | Reached skill level 5 in Spellcasting
  2711 | D:4      | Reached XP level 5. HP: 17/24 MP: 2/13
  2842 | D:4      | Found a hide-covered altar of Uskayaw.
  2871 | D:4      | Found a transporter.
  2945 | D:4      | Gained mutation: You are clumsy. (Dex -2) [potion of
                  | mutation]
  2945 | D:4      | Gained mutation: You are weak. (Str -2) [potion of
                  | mutation]
  2945 | D:4      | Gained mutation: You tend to lose your temper in combat.
                  | [potion of mutation]
  3081 | D:4      | Reached skill level 5 in Stealth
  3194 | D:4      | Noticed Duvessa
  3194 | D:4      | Noticed Dowan
  3226 | D:4      | Killed Duvessa
  3227 | D:4      | Reached XP level 6. HP: 25/28 MP: 3/15
  3228 | D:4      | Killed Dowan
  3406 | D:4      | Found a transporter.
  3461 | D:5      | Entered Level 5 of the Dungeon
  3467 | D:5      | Found Iriocyucs's Armour Shop.
  3476 | D:5      | Slain by an ogre

Illustrated notes

Levels and vault maps discovered:
D:1:      roderic_chinese_lattice_arrival, layout_rooms,
          shapermc_ecumenical_altar_mp_urbaneastern
D:2:      layout_rooms
D:3:      layout_basic, nicolae_overflow_hidden_temple,
          gammafunk_ghost_gnarly_gnolls, grunt_decor_mini_mirrors,
          kennysheep_generic_room_14, uniq_robin
D:4:      layout_basic, nicolae_overflow_crystal_walls,
          gammafunk_ghost_abyssal_escape, uniq_duvessa
D:5:      layout_basic, serial_shops, nicolae_diamond_shop, uniq_grinder

Skill      XL: |  1  2  3  4  5  6 |
---------------+-------------------+-----
Spellcasting   | 3 4 5 6 |  6.0
Hexes          | 4 5 6 |  6.5
Stealth        | 5 |  5.9
Short Blades   | |  1.1
Dodging        | |  2.6

Action                   |  1- 3 |  4- 6 || total
-------------------------+-------+-------++-------
Melee: Dagger            |   104 |    92 ||   196
Throw: Dart              |     9 |       ||     9
 Cast: Ensorcelled Hiber |    11 |     8 ||    19
       Tukima's Dance    |       |     8 ||     8
  Use: Scroll            |     5 |     6 ||    11
       Potion            |     1 |     5 ||     6
 Stab: Sleeping          |     8 |    13 ||    21
       Invisible         |     3 |     2 ||     5
Armor: Robe              |    12 |     4 ||    16
Dodge: Dodged            |    85 |    57 ||   142

Table legend: (Time is in decaauts)
 A = Elapsed time spent in this place.
 B = Non-inter-level travel time spent in this place.
 C = Inter-level travel time spent in this place.
 D = Time resting spent in this place.
 E = Time spent auto-exploring this place.
 F = Levels seen in this place.
 G = Mean time per level.
                   A        B        C        D        E       F      G
               +--------+--------+--------+--------+--------+-----+--------+
         Total |   2555 |   2502 |     53 |    142 |   1799 |   5 |  511.0 |
       Dungeon |   2555 |   2502 |     53 |    142 |   1799 |   5 |  511.0 |
               +--------+--------+--------+--------+--------+-----+--------+

Top non-repeatable levels by time:
     D:3: 732 daAuts
     D:2: 697 daAuts
     D:4: 609 daAuts
     D:1: 505 daAuts
     D:5: 11 daAuts
